AoeStats
← La dide

Yucatan

510611543Analyzed
3v3 RM · 21h ago on Oct 1, 2026· 30m 15s· 6 players
Game mode
Random Map
Map size
Normal (6 player)
Population
200
Speed
Normal
Resources
Standard
Victory
Conquest
Starting age
Dark Age
Ending age
Imperial Age
RankedLock teamsTeams togetherTeam positionsShared explorationLock speedFull tech treeHidden civsTurbo modeCheats
Victory
Defeat
🇲🇹 Persians · Malta
959
+12
🇻🇪 Chinese · Venezuela
936
+13
🇺🇸 Cumans · United States
934
+13
🇫🇷 Mongols · France
967
-16
🇫🇷 Aztecs · France
891
-14
🇫🇷 Maya · France
752
-8
TheHeadlander
10:45 Feudal Age
15:39 Castle Age
15:16 Forging
18:01 Scale Barding Armor
vincentreynes.30
0:27 Loom
10:58 Feudal Age
11:50 Double-Bit Axe
15:48 Fletching
20:27 Castle Age
20:37 Crossbowman
21:16 Bodkin Arrow
22:35 Pikeman
26:15 Elite Skirmisher
La dide
8:38 Loom
11:26 Feudal Age
11:49 Man-at-Arms
12:16 Arson
17:36 Castle Age
16:10 Double-Bit Axe
17:49 Eagle Warrior
22:51 Elite Skirmisher
25:25 Long Swordsman
28:07 Horse Collar
MacuStar
2:50 Loom
10:56 Feudal Age
11:31 Double-Bit Axe
26:28 Fletching
32:10 Castle Age
rojasfelix253
0:30 Loom
12:14 Feudal Age
13:51 Double-Bit Axe
19:31 Castle Age
22:28 Scale Mail Armor
22:44 Scale Barding Armor
25:14 Capped Ram
Eduard IV
8:21 Loom
10:44 Feudal Age
20:54 Castle Age
21:02 Bloodlines
21:21 Pikeman
26:21 Fletching
Connection lost

Rejoining the realm…

Still unreachable

The connection could not be restored.

Session expired

The server has moved on; the page needs a fresh start.